[Event "Team 45 45 League T67"]
[Site "Internet Chess Club"]
[Date "2016.01.15"]
[Round "6"]
[White "Goli"]
[Black "Packerfan"]
[Result "1-0"]
[WhiteElo "1721"]
[BlackElo "1766"]
[Opening "Ruy Lopez: Schliemann defense"]
[ECO "C63"]
[Time "14:39:40"]
[TimeControl "2700+45"]

1. e4 e5 2. Nf3 Nc6 3. Bb5 f5 4. exf5 e4 5. Qe2 Qe7 6. Bxc6 bxc6 7. Nd4 Nf6 8.
O-O c5 9. Nb5 d5 10. d3 c6 11. N5c3 Bxf5 12. dxe4 Nxe4 13. Nxe4 Bxe4 14. Nc3 Bg6
15. Qd1 Qd6 16. Re1+ Be7 17. Bg5 {Black resigns} 1-0

[Event "Team 45 45 League T67"]
[Site "Internet Chess Club"]
[Date "2016.01.18"]
[Round "6"]
[White "clarinetref"]
[Black "Egmont"]
[Result "0-1"]
[WhiteElo "1620"]
[BlackElo "1730"]
[Opening "French: exchange variation"]
[ECO "C01"]
[Time "12:06:22"]
[TimeControl "2700+45"]

1. e4 e6 2. d4 d5 3. exd5 exd5 4. Bd3 Nc6 5. c3 Bd6 6. Ne2 Qh4 7. g3 Qh3 8. Bf4
Bg4 9. Bxd6 cxd6 10. Nf4 Bxd1 11. Nxh3 Bf3 12. O-O f6 13. Re1+ Kf7 14. Nd2 Bg4
15. Nf4 Nge7 16. f3 Bd7 17. Nb3 g5 18. Ng2 Bf5 19. Rad1 h5 20. a3 h4 21. g4 Bd7
22. c4 Be6 23. c5 dxc5 24. Nxc5 Nxd4 25. Bg6+ Nxg6 26. Rxd4 Ne5 27. Kf2 b6 28.
Nxe6 Kxe6 29. f4 gxf4 30. Nxf4+ Kf7 31. Nxd5 Rac8 32. Re2 Rhd8 33. Red2 Rc4 34.
h3 Rdc8 35. Ne3 Rxd4 36. Rxd4 Kg6 37. Rd2 Kg5 38. Nf5 Rc4 39. Nd6 Rf4+ 40. Kg2
Nc4 41. Rd5+ Kg6 42. Nxc4 Rxc4 43. Rd7 Rc2+ 44. Kf3 Rxb2 45. Rxa7 Rb3+ 46. Kg2
Kg5 47. Ra4 Rb2+ 48. Kf3 Rh2 49. Ra6 Rxh3+ 50. Ke4 Rb3 51. Kd5 Kxg4 52. Ra4+ Kg3
53. Ke6 h3 54. Kxf6 h2 55. Ra8 h1=Q 56. Rg8+ Kf4 {White resigns} 0-1

[Event "Team 45 45 League T67"]
[Site "Internet Chess Club"]
[Date "2016.01.14"]
[Round "6"]
[White "Kingofknights"]
[Black "Lrn2Mate"]
[Result "0-1"]
[WhiteElo "1529"]
[BlackElo "1624"]
[Opening "King's Indian: Sämisch, 5...O-O"]
[ECO "E81"]
[Time "21:00:29"]
[TimeControl "2700+45"]

1. d4 Nf6 2. c4 g6 3. Nc3 Bg7 4. e4 d6 5. f3 O-O 6. Be3 Na6 7. Bd3 c5 8. d5 e6
9. dxe6 Bxe6 10. Nge2 Nb4 11. O-O Nd7 12. Nf4 Nxd3 13. Qxd3 Ne5 14. Nxe6 fxe6
15. Qe2 Qc7 16. Rad1 Nc6 17. Nb5 Qe7 18. Nxd6 Nd4 19. Qd2 Qxd6 20. b4 b6 21. b5
Rad8 22. f4 Qe7 23. Qf2 e5 24. g3 exf4 {White resigns} 0-1

[Event "Team 45 45 League T67"]
[Site "Internet Chess Club"]
[Date "2016.01.16"]
[Round "6"]
[White "Kingfisher75"]
[Black "tightfist"]
[Result "1/2-1/2"]
[WhiteElo "1585"]
[BlackElo "1687"]
[Opening "French: Tarrasch"]
[ECO "C03"]
[Time "14:31:53"]
[TimeControl "2700+45"]

1. e4 e6 2. d4 d5 3. Nd2 Bd7 4. c4 dxe4 5. Nxe4 Bb4+ 6. Bd2 Qe7 7. a3 Bxd2+ 8.
Qxd2 Nf6 9. Nxf6+ Qxf6 10. Nf3 Nc6 11. Be2 O-O 12. O-O Rad8 13. b4 Bc8 14. Rad1
Rd7 15. Qe3 a6 16. Ne5 Nxe5 17. Qxe5 Qxe5 18. dxe5 Rfd8 19. Rxd7 Rxd7 20. Rd1
Rxd1+ 21. Bxd1 Kf8 22. f4 Ke7 23. Kf2 Bd7 24. Ke3 Bc6 25. Bf3 Kd7 26. Bxc6+ Kxc6
27. Kd4 b5 28. c5 h5 29. g3 f6 30. exf6 gxf6 31. h3 Kd7 32. g4 hxg4 33. hxg4 Ke7
34. Ke4 Kf7 35. Kd4 Kg6 36. Ke4 Kf7 37. g5 Kg6 38. gxf6 Kxf6 39. c6 Kf7 40. Kd4
Kf6 41. Ke4 Kf7 42. Kd4 Ke7 43. Ke5 Kf7 44. f5 exf5 45. Kxf5 Ke7 46. Ke5 Kf7 47.
Kf5 Ke7 48. Ke5 {Game drawn by mutual agreement} 1/2-1/2

[Event "Team 45 45 League T67"]
[Site "Internet Chess Club"]
[Date "2016.01.17"]
[Round "6"]
[White "mongmong"]
[Black "werty"]
[Result "0-1"]
[WhiteElo "1546"]
[BlackElo "1594"]
[Opening "QGD Slav: 4.e3 Bf5"]
[ECO "D12"]
[Time "06:12:58"]
[TimeControl "2700+45"]

1. d4 d5 2. Nf3 Nf6 3. e3 Bf5 4. c4 c6 5. Nc3 e6 6. Nh4 Bg6 7. Nxg6 hxg6 8. Bd2
Nbd7 9. Qb3 Qc7 10. h3 Be7 11. Rc1 Nb6 12. cxd5 exd5 13. Bd3 O-O 14. O-O Rfe8
15. f3 Bd6 16. e4 Bf4 17. Qd1 Bxd2 18. Qxd2 dxe4 19. fxe4 Qd7 20. Qf2 Rad8 21.
e5 Qxd4 22. Qxd4 Rxd4 23. exf6 Rxd3 24. fxg7 Kxg7 25. Rf2 Red8 26. Rcf1 R8d7 27.
Ne4 Rd1 28. Rxd1 Rxd1+ 29. Kh2 Rd7 30. Nc5 Re7 31. Rd2 Nd5 32. a3 b6 33. Nd3 f5
34. g3 a5 35. Kg2 Ne3+ 36. Kf3 Nd5 37. Kf2 Kf6 38. Rc2 Re6 39. Ne1 c5 40. Rd2
Ne3 41. Nf3 Nc4 42. Rc2 Ne5 43. Nd2 Rc6 44. b4 cxb4 45. Rxc6+ Nxc6 46. axb4 Nxb4
47. Nc4 b5 48. Nxa5 Ke5 49. Ke3 Nd5+ 50. Kd3 b4 51. Nc4+ Ke6 52. Kd4 g5 53. h4
f4 54. gxf4 gxh4 55. Ke4 h3 56. f5+ Kf6 57. Kf3 Nf4 58. Kg3 Kxf5 59. Nd2 Ke5 60.
Nf3+ Kf5 61. Nd2 Ke5 62. Nf3+ Ke4 63. Kg4 Kd3 64. Kxf4 b3 65. Ne5+ Kc2 66. Nc4
h2 {White resigns} 0-1

[Event "Team 45 45 League T67"]
[Site "Internet Chess Club"]
[Date "2016.01.16"]
[Round "6"]
[White "evan7284"]
[Black "GideonL"]
[Result "1-0"]
[WhiteElo "1714"]
[BlackElo "1361"]
[Opening "Torre attack (Tartakower variation)"]
[ECO "D03"]
[Time "12:08:31"]
[TimeControl "2700+45"]

1. d4 d5 2. Nf3 Nf6 3. Bg5 Nc6 4. Bxf6 exf6 5. e3 Bd6 6. c4 dxc4 7. Bxc4 O-O 8.
Nbd2 Be6 9. d5 Bxd5 10. Bxd5 Bb4 11. Bxc6 bxc6 12. O-O Bxd2 13. Qxd2 Qxd2 14.
Nxd2 Rfc8 15. Rac1 Rd8 16. Rfd1 Rd7 17. Nb3 Rxd1+ 18. Rxd1 Re8 19. Rd7 f5 20.
Rxc7 Rd8 21. Kf1 {Black resigns} 1-0

[Event "Team 45 45 League T67"]
[Site "Internet Chess Club"]
[Date "2016.01.18"]
[Round "6"]
[White "qingjoshua"]
[Black "Schachteufel"]
[Result "1-0"]
[WhiteElo "1892"]
[BlackElo "1609"]
[Opening "Sicilian: dragon, classical, Richter variation"]
[ECO "B73"]
[Time "21:00:57"]
[TimeControl "2700+45"]

1. e4 c5 2. Nf3 d6 3. d4 cxd4 4. Nxd4 Nf6 5. Nc3 g6 6. Be2 Bg7 7. O-O O-O 8. Be3
Nc6 9. Qd2 d5 10. exd5 Nxd5 11. Nxc6 bxc6 12. Nxd5 cxd5 13. c3 Bb7 14. Rfd1 Qa5
15. Bh6 Rfd8 16. Bxg7 Kxg7 17. Qd4+ f6 18. f4 Rac8 19. Re1 Qc5 20. Qxc5 Rxc5 21.
Rad1 a5 22. Bf1 Kf7 23. Rd4 Rd6 24. Kf2 Rc7 25. Ra4 Rb6 26. b3 Rxc3 27. Rxa5 d4
28. Bc4+ e6 29. Ra7 Rc2+ 30. Re2 Rxe2+ 31. Kxe2 Ke7 32. Kd3 e5 33. Bd5 {Black
resigns} 1-0

[Event "Team 45 45 League T67"]
[Site "Internet Chess Club"]
[Date "2016.01.18"]
[Round "6"]
[White "Portola"]
[Black "gyu123987kool"]
[Result "1-0"]
[WhiteElo "1764"]
[BlackElo "1790"]
[Opening "Queen's pawn game"]
[ECO "A45"]
[Time "19:01:10"]
[TimeControl "2700+45"]

1. d4 Nf6 2. c3 g6 3. Nf3 Bg7 4. Bg5 Ne4 5. Bf4 d5 6. e3 O-O 7. Nbd2 Nxd2 8.
Qxd2 Nd7 9. Be2 Nf6 10. h3 Ne4 11. Qc2 c5 12. Nd2 Nxd2 13. Qxd2 c4 14. a4 Bd7
15. O-O e6 16. a5 Re8 17. Bf3 Bc6 18. Rfe1 b5 19. axb6 axb6 20. Reb1 b5 21. Qe1
Bf8 22. Rxa8 Qxa8 23. Ra1 Qb7 24. Ra2 b4 25. Qa1 bxc3 26. bxc3 Ra8 27. Rxa8 Qxa8
28. Qxa8 Bxa8 29. Bc7 Bc6 30. Kf1 Ba3 31. Ke2 Kf8 32. Kd2 Ke7 33. h4 Kd7 34. Be5
Ba4 35. Bf6 Be7 36. Bxe7 Kxe7 37. g4 Kd6 38. Be2 Kc6 39. f4 Bb3 40. g5 Kb5 41.
Bf3 Ka4 42. e4 dxe4 43. Bxe4 Kb5 44. Bf3 Kb6 45. Ke3 Ba4 46. d5 Kc5 47. dxe6
fxe6 48. h5 Be8 49. hxg6 Bxg6 50. Bg4 Bf5 51. Bh5 Kd5 52. Bf7 Kc5 53. Bh5 Kd5
54. Bf3+ Kc5 55. Be4 {Black resigns} 1-0

[Event "Team 45 45 League T67"]
[Site "Internet Chess Club"]
[Date "2016.01.15"]
[Round "6"]
[White "LN09102Q"]
[Black "medsurg"]
[Result "1-0"]
[WhiteElo "1624"]
[BlackElo "1359"]
[Opening "Ruy Lopez: Caro variation"]
[ECO "C70"]
[Time "22:04:06"]
[TimeControl "2700+45"]

1. e4 e5 2. Nf3 Nc6 3. Bb5 a6 4. Ba4 b5 5. Bb3 Nf6 6. O-O Bc5 7. a4 Rb8 8. c3
O-O 9. d3 d6 10. h3 Bb7 11. Bg5 h6 12. Bh4 Bb6 13. Na3 Qe7 14. axb5 axb5 15.
Nxb5 Nd8 16. Na3 c6 17. Nc4 Bc7 18. Ne3 Ne6 19. Nf5 Qd8 20. Nh2 Kh7 21. Ng4 g5
22. Nxf6+ Qxf6 23. Bg3 Ng7 24. Nxg7 Kxg7 25. d4 Rfd8 26. Qd2 Qg6 27. Bc2 Qf6 28.
Bb3 Qg6 29. Rfe1 c5 30. Bd5 Bxd5 31. exd5 cxd4 32. cxd4 Qf5 33. dxe5 dxe5 34.
Qc3 Bd6 35. Bxe5+ f6 36. Bxd6 Rxd6 {Black resigns} 1-0

[Event "Team 45 45 League T67"]
[Site "Internet Chess Club"]
[Date "2016.01.13"]
[Round "6"]
[White "moodle"]
[Black "kidviper"]
[Result "1-0"]
[WhiteElo "1669"]
[BlackElo "1928"]
[Opening "Sicilian: Alapin's variation (2.c3)"]
[ECO "B22"]
[Time "18:04:18"]
[TimeControl "2700+45"]

1. e4 c5 2. c3 Nf6 3. e5 Nd5 4. d4 cxd4 5. Nf3 Nc6 6. cxd4 e6 7. Bc4 Nb6 8. Bb3
d6 9. Qe2 Be7 10. Nc3 O-O 11. O-O Na5 12. Bc2 d5 13. b3 Bd7 14. Qd3 g6 15. Bh6
Re8 16. Rfe1 Rc8 17. a3 Qc7 18. Bd2 f5 19. Ra2 a6 20. Qe3 Nac4 21. bxc4 Nxc4 22.
Nxd5 Nxe3 23. Nxc7 Nxc2 24. Rxc2 Bd8 25. Rec1 Re7 26. Nd5 exd5 27. Rxc8 Bxc8 28.
Rxc8 Rd7 29. Ba5 b6 30. Bxb6 Rb7 31. Rxd8+ Kg7 32. Rd6 h6 33. Rc6 Kf8 34. Rc8+
Ke7 35. Rc7+ Rxc7 36. Bxc7 g5 37. Kf1 Kd7 38. Bd6 Ke6 39. Ke2 f4 40. Bf8 Kf5 41.
Bxh6 a5 42. Bxg5 a4 43. h4 Kg6 44. Kd3 Kh5 45. Bxf4 Kg4 46. Bh6 Kh5 47. Kc3 Kg4
48. Kb4 Kf5 49. Kxa4 Ke4 50. Kb5 Kf5 51. a4 Kg4 52. a5 Kf5 53. a6 Kg4 54. a7 Kh5
55. a8=Q Kg4 56. Qc8+ Kh5 57. Qf5+ Kxh6 58. Qg5+ Kh7 59. e6 Kh8 60. e7 Kh7 61.
Qf5+ Kh6 62. e8=Q Kg7 63. Qee6 Kh8 64. Qe7 Kg8 65. Qff8# {Black checkmated} 1-0

[Event "Team 45 45 League T67"]
[Site "Internet Chess Club"]
[Date "2016.01.13"]
[Round "6"]
[White "kidcobra"]
[Black "viktory"]
[Result "1-0"]
[WhiteElo "1861"]
[BlackElo "1720"]
[Opening "Sicilian: Smith-Morra gambit"]
[ECO "B21"]
[Time "19:01:24"]
[TimeControl "2700+45"]

1. e4 c5 2. d4 cxd4 3. c3 dxc3 4. Nxc3 d6 5. Nf3 Nf6 6. Bc4 e6 7. O-O e5 8. h3
Nc6 9. Bg5 h6 10. Bxf6 Qxf6 11. Rc1 Be6 12. Nd5 Qd8 13. Qa4 a6 14. Be2 g6 15.
Rxc6 bxc6 16. Qxc6+ Bd7 17. Qxa8 Qxa8 18. Nc7+ Kd8 19. Nxa8 Bc6 20. Nb6 Kc7 21.
Nd5+ Bxd5 22. exd5 Kb6 23. Rc1 Bg7 24. Rc6+ Kb7 25. Rxd6 e4 26. Nd2 Bxb2 27.
Rd7+ Kc8 28. Rxf7 Rd8 29. Nc4 Bd4 30. Bg4+ Kb8 31. d6 a5 32. d7 Kc7 33. Re7 h5
34. Be6 Rf8 35. Re8 Bxf2+ 36. Kh2 Bg3+ 37. Kxg3 h4+ 38. Kg4 Rf4+ 39. Kxf4 g5+
40. Ke5 e3 41. d8=Q+ Kc6 42. Qb6# {Black checkmated} 1-0

[Event "Team 45 45 League T67"]
[Site "Internet Chess Club"]
[Date "2016.01.18"]
[Round "6"]
[White "Littlemon"]
[Black "KidRattler"]
[Result "1-0"]
[WhiteElo "1598"]
[BlackElo "1624"]
[Opening "Budapest: Adler variation"]
[ECO "A52"]
[Time "14:33:52"]
[TimeControl "2700+45"]

1. d4 Nf6 2. c4 e5 3. dxe5 Ng4 4. Nf3 Nc6 5. Bf4 Bb4+ 6. Nbd2 d6 7. exd6 Qf6 8.
g3 cxd6 9. Rb1 Bf5 10. Ra1 O-O 11. h3 Nge5 12. a3 Rfe8 13. Bxe5 Bxd2+ 14. Qxd2
Nxe5 15. Nxe5 Qxe5 16. Bg2 Rac8 17. Rc1 b5 18. e3 bxc4 19. O-O Bd3 20. Rfd1 Rb8
21. b4 g5 22. Bf1 Qf5 23. Bxd3 cxd3 24. Qxd3 Qxh3 25. Qxd6 Rb6 26. Qd7 Rbe6 27.
Rd6 Kg7 28. Rxe6 Rxe6 29. Rc6 Kf6 30. Rxe6+ fxe6 31. Qxa7 Qf5 32. Qd4+ Kf7 33.
a4 e5 34. Qd5+ Kg6 35. b5 Kh5 36. a5 h6 37. a6 e4 38. Qd1+ g4 39. a7 Qg6 40.
Qd5+ Qg5 41. Qxg5+ Kxg5 42. a8=Q Kh5 43. b6 Kg5 44. b7 Kh5 45. b8=Q Kg5 46. Qa5+
Kg6 47. Qbb6+ {Black resigns} 1-0

[Event "Team 45 45 League T67"]
[Site "Internet Chess Club"]
[Date "2016.01.16"]
[Round "6"]
[White "BJJ"]
[Black "kls1"]
[Result "0-1"]
[WhiteElo "1402"]
[BlackElo "1354"]
[Opening "Caro-Kann: two knights, 3...Bg4"]
[ECO "B11"]
[Time "14:45:24"]
[TimeControl "2700+45"]

1. e4 c6 2. Nc3 d5 3. Nf3 Bg4 4. exd5 cxd5 5. d4 e6 6. Bb5+ Nd7 7. h3 Bxf3 8.
Qxf3 Nf6 9. Bg5 Be7 10. O-O O-O 11. Bd3 Rc8 12. Bxf6 Nxf6 13. Ne2 Qb6 14. a3 Rc7
15. Rab1 Qc6 16. Ng3 Bd6 17. c3 Qd7 18. Nh5 Nxh5 19. Qxh5 g6 20. Qe2 Rfc8 21. f4
Bf8 22. Rbe1 Bg7 23. Rf3 Qd6 24. Ref1 a6 25. Qf2 b5 26. h4 h5 27. Rg3 Kh7 28.
Re3 Qb6 29. Qg3 a5 30. Qg5 Bh6 31. Qxh5 b4 32. Qf3 bxc3 33. bxc3 Rxc3 34. Bxg6+
fxg6 35. Rxc3 Qxd4+ 36. Re3 Rc3 37. Re1 Bxf4 38. Kh1 Bxe3 39. Rd1 Qxh4+ 40. Qh3
Qxh3+ 41. gxh3 Rxa3 42. Kg2 d4 43. Kf3 e5 44. Ke4 Bf4 45. Kd5 Rxh3 46. Ke6 a4
47. Rb1 g5 48. Kf6 g4 49. Rb7+ Kh6 50. Rb8 Bg5+ 51. Kf7 Rf3+ 52. Kg8 g3 53. Kh8
g2 54. Rg8 Bf6+ 55. Rg7 Rg3 56. Kg8 Rxg7+ 57. Kh8 Rg6# {White checkmated} 0-1

[Event "Team 45 45 League T67"]
[Site "Internet Chess Club"]
[Date "2016.01.16"]
[Round "6"]
[White "az2112"]
[Black "Skeptic1972"]
[Result "1-0"]
[WhiteElo "1589"]
[BlackElo "1615"]
[Opening "Ruy Lopez: Möller defense"]
[ECO "C78"]
[Time "13:01:44"]
[TimeControl "2700+45"]

1. e4 e5 2. Nf3 Nc6 3. Bb5 a6 4. Ba4 Nf6 5. O-O Bc5 6. d4 exd4 7. e5 Nd5 8. Bg5
Nde7 9. Nbd2 b5 10. Bb3 h6 11. Bh4 g5 12. Nxg5 hxg5 13. Bxg5 Nxe5 14. Bf6 N5g6
15. Bxh8 Nxh8 16. Qf3 d5 17. Qf6 Nhg6 18. Rfe1 Be6 19. Nf3 Nc6 20. Rxe6+ fxe6
21. Qxg6+ Kd7 22. Re1 Qg8 23. Qh6 Qh8 24. Qg6 Rg8 25. Qxe6+ Kd8 26. Qxc6 Qg7 27.
Qxd5+ Kc8 28. Qxg8+ {Black resigns} 1-0

[Event "Team 45 45 League T67"]
[Site "Internet Chess Club"]
[Date "2016.01.16"]
[Round "6"]
[White "Ajolote"]
[Black "Gojira"]
[Result "1/2-1/2"]
[WhiteElo "1659"]
[BlackElo "1689"]
[Opening "Sicilian: accelerated fianchetto, exchange variation"]
[ECO "B34"]
[Time "12:00:38"]
[TimeControl "2700+45"]

1. e4 c5 2. Nf3 Nc6 3. d4 cxd4 4. Nxd4 g6 5. Nxc6 dxc6 6. Qxd8+ Kxd8 7. Bc4 e6
8. O-O Bg7 9. Rd1+ Ke7 10. c3 b5 11. Bb3 Nf6 12. e5 Nd5 13. Bg5+ f6 14. exf6+
Bxf6 15. Bxf6+ Kxf6 16. Nd2 a6 17. Ne4+ Ke7 18. Re1 Bd7 19. Nc5 Kd6 20. Nxd7
Kxd7 21. Rad1 Rhe8 22. a4 Kd6 23. Bxd5 exd5 24. a5 Kd7 25. Kf1 Rxe1+ 26. Rxe1
Rf8 27. Re2 Rf6 28. Ke1 c5 29. Kd2 Re6 30. f4 Rxe2+ 31. Kxe2 Ke6 32. g4 h5 33.
h3 d4 34. cxd4 c4 35. Kd2 Kd5 36. Kc3 Ke4 37. gxh5 gxh5 38. f5 Kxf5 39. Kb4 Ke6
40. Kc5 Kd7 41. d5 Kc7 42. d6+ Kd7 43. h4 Kd8 44. Kd4 Kd7 45. Kc5 Kd8 46. Kd4
Ke8 47. Kd5 Kd7 48. Kc5 Kd8 {Game drawn by repetition} 1/2-1/2

[Event "Team 45 45 League T67"]
[Site "Internet Chess Club"]
[Date "2016.01.15"]
[Round "6"]
[White "lacibacsi"]
[Black "ShootStraight"]
[Result "1-0"]
[WhiteElo "2064"]
[BlackElo "1946"]
[Opening "Sicilian: closed, 6.Be3"]
[ECO "B26"]
[Time "15:00:45"]
[TimeControl "2700+45"]

1. e4 c5 2. Nc3 Nc6 3. g3 g6 4. Bg2 Bg7 5. d3 d6 6. Be3 e6 7. Qd2 Rb8 8. Nge2
Nd4 9. O-O Ne7 10. Nd1 O-O 11. c3 Nxe2+ 12. Qxe2 Nc6 13. f4 Qc7 14. Nf2 b5 15.
Rac1 b4 16. e5 dxe5 17. Bxc5 Rd8 18. fxe5 Nxe5 19. cxb4 Ba6 20. Bf8 Qb6 21. Bxg7
Nxd3 22. Rc6 Nxf2 23. Rxb6 Bxe2 24. Rxb8 Nh3+ 25. Bxh3 Rxb8 26. Rf2 Kxg7 27.
Rxe2 Rxb4 28. Kf2 Rb6 29. Bg2 f5 30. Rc2 Kf6 31. a3 a6 32. b4 Ke5 33. Rc6 Rxc6
34. Bxc6 Kd4 35. Bb7 a5 36. bxa5 Kc5 37. a4 Kd6 38. Ke3 e5 39. h4 Kc5 40. Bf3
{Black resigns} 1-0

[Event "Team 45 45 League T67"]
[Site "Internet Chess Club"]
[Date "2016.01.24"]
[Round "6"]
[White "alexping"]
[Black "JJ12"]
[Result "0-1"]
[WhiteElo "1916"]
[BlackElo "2117"]
[Opening "QGD: classical variation (5.Bf4)"]
[ECO "D37"]
[Time "11:07:04"]
[TimeControl "2700+45"]

1. d4 Nf6 2. c4 e6 3. Nf3 d5 4. Nc3 Be7 5. Bf4 O-O 6. e3 c6 7. a3 Nbd7 8. Bd3
dxc4 9. Bxc4 b5 10. Ba2 b4 11. axb4 Bxb4 12. O-O c5 13. d5 Nb6 14. dxe6 Bxe6 15.
Bxe6 fxe6 16. Qb3 Qe7 17. Rfd1 c4 18. Qc2 Nfd5 19. Bg3 a5 20. Ne4 Rac8 21. Bh4
Qe8 22. Neg5 Nf6 23. Ne5 h6 24. Ngf3 Nfd5 25. Ng6 Rf7 26. Nfe5 Rfc7 27. e4 Nf6
28. Qe2 a4 29. Qf3 Nh7 30. Qe2 Nf8 31. Nxf8 Bxf8 32. Bg3 Rb7 33. Rac1 a3 34.
bxa3 Bxa3 35. Rb1 Qe7 36. Qc2 c3 37. Rb3 Bb2 38. f3 Qc5+ 39. Kh1 Qe7 40. h3 Rd8
41. Rxd8+ Qxd8 42. Nd3 Ra7 43. Nxb2 Ra1+ 44. Kh2 cxb2 45. Qxb2 Qd1 46. Bf2 Nc4
47. Rb8+ Kh7 48. Qd4 Nd2 49. Kg3 Nf1+ 50. Kf4 Qc1+ 51. Be3 Nxe3 52. Qxe3 e5+
{White resigns} 0-1

[Event "Team 45 45 League T67"]
[Site "Internet Chess Club"]
[Date "2016.01.16"]
[Round "6"]
[White "The7thGuest"]
[Black "bobhill"]
[Result "1/2-1/2"]
[WhiteElo "1962"]
[BlackElo "1859"]
[Opening "QGD: Charousek (Petrosian) variation"]
[ECO "D31"]
[Time "09:04:52"]
[TimeControl "2700+45"]

1. d4 d5 2. c4 e6 3. Nc3 Be7 4. Nf3 h6 5. g3 Nf6 6. Bg2 O-O 7. O-O c6 8. Ne5
Nbd7 9. Nxd7 Bxd7 10. e4 dxe4 11. Nxe4 Qa5 12. Nxf6+ Bxf6 13. Be3 Rad8 14. a3 c5
15. b4 cxb4 16. axb4 Qxb4 17. Rxa7 Qxc4 18. Rxb7 Bb5 19. Qb1 Ba6 20. Rb4 Qc3 21.
Rc1 Qd3 22. Bf1 Qxb1 23. Rcxb1 Bxf1 24. Kxf1 Rd5 25. Rb5 Rxb5 26. Rxb5 Rd8 27.
Rb4 h5 28. h4 Kf8 29. Ke2 Ke7 30. Bg5 Bxg5 31. hxg5 g6 32. Rb7+ Rd7 33. Rxd7+
Kxd7 34. Ke3 Ke7 35. Ke4 f6 36. gxf6+ Kxf6 37. f4 Kf7 38. Ke5 Ke7 39. d5 exd5
40. Kxd5 Kf6 41. Ke4 Ke6 42. Kf3 Kf5 43. g4+ hxg4+ 44. Kg3 g5 45. fxg5 Kxg5 46.
Kg2 Kf4 47. Kf2 {Game drawn by mutual agreement} 1/2-1/2

[Event "Team 45 45 League T67"]
[Site "Internet Chess Club"]
[Date "2016.01.15"]
[Round "6"]
[White "Otelo"]
[Black "JPSVI"]
[Result "1-0"]
[WhiteElo "1733"]
[BlackElo "1608"]
[Opening "French: Fort Knox variation"]
[ECO "C03"]
[Time "20:02:23"]
[TimeControl "2700+45"]

1. e4 e6 2. d4 d5 3. Nd2 dxe4 4. Nxe4 Bd7 5. Nf3 Bc6 6. Bd3 Nd7 7. Qe2 Ngf6 8.
Nxf6+ Nxf6 9. Bb5 Qd5 10. c4 Bb4+ 11. Bd2 Bxb5 12. cxb5 Bxd2+ 13. Qxd2 Qxb5 14.
O-O-O c6 15. Rhe1 O-O 16. Ne5 Rad8 17. Qf4 Rd5 18. g4 Nd7 19. Nf3 Rd8 20. g5
Qc4+ 21. Kb1 Nc5 22. Ne5 Rxe5 23. dxe5 {Black resigns} 1-0

[Event "Team 45 45 League T67"]
[Site "Internet Chess Club"]
[Date "2016.01.20"]
[Round "6"]
[White "G-force"]
[Black "zigzag2002"]
[Result "1-0"]
[WhiteElo "2165"]
[BlackElo "2023"]
[Opening "Sicilian: Grand Prix attack, Schofman variation"]
[ECO "B23"]
[Time "19:37:05"]
[TimeControl "2700+45"]

1. e4 c5 2. Nc3 Nc6 3. f4 g6 4. Nf3 Bg7 5. Bc4 e6 6. f5 Nge7 7. fxe6 dxe6 8. d3
O-O 9. O-O Rb8 10. Bf4 Ra8 11. Qd2 a6 12. a4 Nd4 13. Nxd4 cxd4 14. Ne2 Bd7 15.
Bd6 Bc6 16. Qf4 Bh6 17. Qxh6 Qxd6 18. Rf3 Nf5 19. exf5 Bxf3 20. f6 {Black
resigns} 1-0

[Event "Team 45 45 League T67"]
[Site "Internet Chess Club"]
[Date "2016.01.18"]
[Round "6"]
[White "vjbaker"]
[Black "jonesey"]
[Result "0-1"]
[WhiteElo "1748"]
[BlackElo "1997"]
[Opening "Grünfeld with e3 & Bd3"]
[ECO "D94"]
[Time "14:31:14"]
[TimeControl "2700+45"]

1. e3 Nf6 2. Nf3 g6 3. d4 Bg7 4. c4 O-O 5. Nc3 d5 6. Bd3 dxc4 7. Bxc4 a6 8. O-O
b5 9. Bb3 Bb7 10. Re1 Nbd7 11. Bc2 Re8 12. e4 e5 13. Bg5 exd4 14. Nxd4 h6 15.
Bh4 b4 16. Nd5 g5 17. Bg3 Nxd5 18. exd5 Rxe1+ 19. Qxe1 Bxd4 20. Qe4 Bg7 21. Qh7+
Kf8 22. Rc1 Nf6 23. Qf5 Qxd5 24. Qxd5 Nxd5 25. Be4 Re8 26. Bf3 Bxb2 27. Rd1 Nc3
{White resigns} 0-1

[Event "Team 45 45 League T67"]
[Site "Internet Chess Club"]
[Date "2016.01.16"]
[Round "6"]
[White "fledermaus"]
[Black "ausya"]
[Result "1-0"]
[WhiteElo "1929"]
[BlackElo "1714"]
[Opening "QGD: Tarrasch, Prague variation, 9.Bg5"]
[ECO "D34"]
[Time "10:02:26"]
[TimeControl "2700+45"]

1. Nf3 d5 2. d4 e6 3. c4 c5 4. cxd5 exd5 5. Nc3 Nf6 6. g3 Nc6 7. Bg2 Be7 8. O-O
O-O 9. Bg5 cxd4 10. Nxd4 Bg4 11. h3 Be6 12. Rc1 h6 13. Be3 Qd7 14. Kh2 Rac8 15.
Nxc6 bxc6 16. Na4 Rfd8 17. Nc5 Qc7 18. Qa4 a5 19. Bd2 Qe5 20. e3 Qxb2 21. Bc3
Qe2 22. Rc2 Qb5 23. Qxb5 cxb5 24. Bxa5 Rd6 25. Rcc1 Rdc6 26. Nb3 b4 27. Rxc6
Rxc6 28. Rc1 Rc4 29. Bf1 Rc8 30. Rxc8+ Bxc8 31. Nd4 Ne4 32. Nc6 Bc5 33. Bxb4
Bxb4 34. Nxb4 Nxf2 35. Nxd5 Be6 36. Nc3 Kf8 37. g4 f5 38. Kg3 Ne4+ 39. Nxe4 fxe4
40. a4 g5 41. Bb5 Bd5 42. Kf2 Ke7 43. Ke2 Kd6 44. Kd2 Kc5 45. Kc3 Ba8 46. Bd7
Bd5 47. a5 Bb7 48. Bf5 Kd5 49. Kb4 Ba6 50. Bd7 Kd6 51. Bb5 Bb7 52. Kc4 Bd5+ 53.
Kd4 Bb7 54. Be8 Ba6 55. Bg6 Bf1 56. Bxe4 Kc7 57. Kc5 Be2 58. Bd5 Bf1 59. e4 Bg2
60. a6 {Black resigns} 1-0

[Event "Team 45 45 League T67"]
[Site "Internet Chess Club"]
[Date "2016.01.19"]
[Round "6"]
[White "komodeo"]
[Black "Sempigreen"]
[Result "1/2-1/2"]
[WhiteElo "1692"]
[BlackElo "1761"]
[Opening "Sicilian: Alapin's variation (2.c3)"]
[ECO "B22"]
[Time "16:47:09"]
[TimeControl "2700+45"]

1. e4 c5 2. c3 d5 3. exd5 Qxd5 4. d4 Nc6 5. Nf3 e5 6. Nxe5 Nxe5 7. dxe5 Qxe5+ 8.
Be2 Bd7 9. O-O O-O-O 10. Re1 Nf6 11. Bf3 Qc7 12. Bg5 Kb8 13. Nd2 Be6 14. Qa4 Be7
15. Nc4 Nd5 16. Bxe7 Nxe7 17. Rad1 Ng6 18. g3 Rxd1 19. Rxd1 Bxc4 20. Qxc4 Ne5
21. Qe2 Nxf3+ 22. Qxf3 g6 23. a4 Re8 24. b4 cxb4 25. cxb4 f5 26. b5 Qc4 27. Qa3
b6 28. Qd6+ Qc7 29. Qd5 f4 30. g4 Re5 31. Qg8+ Kb7 32. h4 Rc5 33. Kg2 Qe7 34.
Rd4 f3+ 35. Kh3 Rc8 36. Qd5+ Kb8 37. Qxf3 Rf8 38. Qg3+ Kc8 39. Rc4+ Kb7 40. Qg2+
Kb8 41. Qg3+ Kb7 42. Rf4 Rxf4 43. Qxf4 a5 44. Kg3 Ka7 45. Qc4 Qd7 46. Kf3 h5 47.
gxh5 gxh5 48. Ke3 Qe7+ 49. Kd3 Qb7 50. Qc6 Qf7 51. Ke3 Qb3+ 52. Ke2 Qxa4 53.
Qc7+ Ka8 54. Qxb6 Qc4+ 55. Ke3 a4 56. Qa5+ Kb7 57. Qa6+ Kb8 58. Qd6+ Kb7 59.
Qa6+ Kb8 60. Qb6+ Ka8 61. Qa6+ Kb8 62. Qd6+ Kb7 63. Qa6+ Kb8 64. Qb6+ Ka8 65.
Qa6+ Kb8 {Game drawn by repetition} 1/2-1/2

[Event "Team 45 45 League T67"]
[Site "Internet Chess Club"]
[Date "2016.01.14"]
[Round "6"]
[White "LiangLiang"]
[Black "sockbuf"]
[Result "1/2-1/2"]
[WhiteElo "1878"]
[BlackElo "1803"]
[Opening "French: Tarrasch, closed variation, main line"]
[ECO "C06"]
[Time "18:32:11"]
[TimeControl "2700+45"]

1. e4 e6 2. d4 d5 3. Nd2 Nf6 4. e5 Nfd7 5. Bd3 c5 6. c3 Nc6 7. Ne2 cxd4 8. cxd4
f6 9. exf6 Nxf6 10. O-O Bd6 11. Nf3 O-O 12. a3 Bd7 13. Qc2 Rc8 14. Qb1 e5 15.
dxe5 Nxe5 16. Nxe5 Bxe5 17. Bf4 Qc7 18. Bxe5 Qxe5 19. h3 Ne4 20. Bxe4 dxe4 21.
Nc3 e3 22. Qe1 exf2+ 23. Rxf2 Qxe1+ 24. Rxe1 Bc6 25. Rd2 Rcd8 26. Red1 Rxd2 27.
Rxd2 Kf7 28. b4 a6 29. a4 b5 30. axb5 axb5 31. Ra2 Rd8 32. Ra6 Rd6 33. Rb6 Rg6
34. Nxb5 Rxg2+ 35. Kf1 Rc2 36. Nd4 Bg2+ 37. Kg1 Rb2 38. Ne6 h6 39. Nf4 Ba8 40.
b5 g5 41. Nd3 Rb3 42. Ne5+ Ke7 43. Rxh6 Rxb5 44. Rh7+ Ke6 45. Ng4 Rb2 46. Rh6+
Kf7 47. Rf6+ Ke7 48. Rf5 Rg2+ 49. Kf1 Rb2 50. Nf2 Rb1+ 51. Ke2 Rb2+ 52. Ke3 Rb3+
53. Ke2 Rb2+ 54. Ke1 Bg2 55. Rxg5 Rb1+ 56. Ke2 Rb2+ 57. Ke3 {Game drawn by
mutual agreement} 1/2-1/2